 Dungeon Crawl Stone Soup version 0.21-a0-538-gd16b88a (webtiles) character file.

158 KristoblXynda the Chucker (level 5, -4/30 HPs)
             Began as a Tengu Hunter on Dec 16, 2017.
             Slain by Menkaure (16 damage)
             ... on level 4 of the Dungeon.
             The game lasted 00:04:25 (2594 turns).

KristoblXynda the Chucker (Tengu Hunter)            Turns: 2594, Time: 00:04:26

Health: -4/30      AC:  4    Str: 12    XL:     5   Next: 39%
Magic:  6/6        EV: 13    Int: 12    God:
Gold:   118        SH:  0    Dex: 15    Spells: 4/4 levels left

rFire    . . .     SeeInvis .   y - +0 whip
rCold    . . .     Gourm    .   (no shield)
rNeg     . . .     Faith    .   b - +0 leather armour
rPois    .         Spirit   .   (helmet restricted)
rElec    .         Reflect  .   (no cloak)
rCorr    .         Harm     .   k - +0 pair of gloves
MR       .....                  (boots unavailable)
Stlth    +++.......             (no amulet)
HPRegen  0.10/turn              i - ring of stealth
MPRegen  0.10/turn              (no ring)

@: no status effects
A: beak, talons 3, able to fly 1
a: Fly


You were on level 4 of the Dungeon.
You were not hungry.

You visited 1 branch of the dungeon, and saw 4 of its levels.

You collected 118 gold pieces.

Inventory:

Hand Weapons
 y - a +0 whip (weapon)
Missiles
 c - 5 javelins (quivered)
 d - 2 throwing nets
Armour
 b - a +0 leather armour (worn)
 k - a +0 pair of gloves (worn)
 p - a +0 ring mail
Jewellery
 i - a ring of stealth (left hand)
 B - an uncursed ring of see invisible {unknown}
 C - a +3 ring of dexterity {unknown}
Wands
 a - a wand of polymorph (7)
Scrolls
 h - 5 scrolls of magic mapping {unknown}
 j - a scroll of amnesia {unknown}
 n - 5 scrolls of identify {unknown}
 o - a scroll of random uselessness {unknown}
 r - a scroll of enchant weapon {unknown}
 s - a scroll of teleportation {unknown}
 u - a scroll of blinking {unknown}
 v - a scroll of fog {unknown}
 w - 2 scrolls of remove curse {unknown}
Potions
 e - 2 potions of heal wounds {unknown}
 l - 2 potions of magic {unknown}
 m - 3 potions of degeneration {unknown}
 q - 2 potions of lignification {unknown}
 t - 3 potions of haste {unknown}
 x - a potion of agility {unknown}
Comestibles
 f - 3 bread rations
 z - a royal jelly
 A - 3 fruits


   Skills:
 - Level 2.0 Fighting
 + Level 4.9 Throwing
 + Level 3.9 Dodging
 + Level 3.1 Stealth


You had 4 spell levels left.
You didn't know any spells.

Dungeon Overview and Level Annotations

Branches:
Dungeon (4/15)
 Temple: D:4-7

Altars:
Nemelex Xobeh
Ru

Annotations:
D:4 Menkaure; Statics's ghost, amateur OpTm


Innate Abilities, Weirdness & Mutations

You have a beak for a mouth.
You have claws for feet.
You can fly.


Message History

Throwing (i - inventory. (,) - cycle):
c - 6 javelins (quivered)
Press: ? - help, Shift-Dir - straight line, f - Menkaure
Aim: Menkaure You throw a javelin.
The javelin barely misses Menkaure.
You hit Menkaure. You peck Menkaure.
Menkaure is moderately damaged.
Menkaure hits you!
Your leather armour prevents you from hitting Menkaure.
You claw Menkaure!
Menkaure is heavily damaged.
Menkaure calls on the powers of darkness!
Your body is wracked with pain!
You hit Menkaure. Your peck misses Menkaure.
Menkaure is heavily damaged.
Menkaure misses you.
You barely miss Menkaure. You claw Menkaure.
Menkaure is severely damaged.
Menkaure hits you!
Ouch! That really hurt!
You die...

#.# #.# #o. #.# #. #..
#.# ######.###..# #.#
.........#..######.####
.##### #.#......Z.....#
.....#.#......####(#
.###.#.#........@M.#
.......##.....######
.....#####...## ......#
##.## ####..# #.#
####..#####.#
......>.....#
####.######## # #.#


You could see Menkaure.

Vanquished Creatures
  2 hounds
  3 adders
  A worm (D:3)
  2 dart slugs
  A leopard gecko (D:3)
  An orc (D:3)
  A giant cockroach (D:3)
  10 hobgoblins
  2 jackals (D:3)
  9 kobolds
  3 quokkas
  11 bats
  2 frilled lizards
  5 goblins
  A leopard gecko skeleton (D:4)
  8 rats
62 creatures vanquished.

Notes
Turn   | Place    | Note
-------+----------+-------------------------------------------
     0 | D:1      | KristoblXynda the Tengu Hunter began the quest for the Orb.
     0 | D:1      | Reached XP level 1. HP: 12/12 MP: 2/2
    79 | D:1      | Reached XP level 2. HP: 13/17 MP: 3/3
   458 | D:1      | Reached XP level 3. HP: 18/21 MP: 4/4
   912 | D:2      | Found a faded altar of an unknown god.
  1076 | D:2      | Reached XP level 4. HP: 25/26 MP: 5/5
  1713 | D:3      | Found a sacrificial altar of Ru.
  1795 | D:3      | Gained mutation: You can fly. [Tengu growth]
  1795 | D:3      | Reached XP level 5. HP: 28/30 MP: 6/6
  2175 | D:4      | Noticed Statics's ghost (amateur OpTm)
  2486 | D:4      | Found a sparkling altar of Nemelex Xobeh.
  2585 | D:4      | Noticed Menkaure
  2594 | D:4      | Slain by Menkaure

Vault maps used:
D:1:      minmay_arrival_wavy_path
D:2:      chequers_ecumenical_altar_simple, first_bread
D:3:      hangedman_feature_mirror, nicolae_ru_awakened_eye
D:4:      nemelex_xobeh_ov_fountains_minmay, uniq_blork_the_orc, uniq_menkaure

Skill      XL: |  1  2  3  4  5 |
---------------+----------------+-----
Stealth        | 2 3 |  3.1
Dodging        | 3 |  3.9
Fighting       | |  2.0
Throwing       | |  4.9

Action                   |  1- 3 |  4- 6 || total
-------------------------+-------+-------++-------
Melee: Short sword       |    90 |    59 ||   149
       Kick              |    20 |    11 ||    31
       Peck              |    13 |     6 ||    19
       Whip              |       |    22 ||    22
Throw: Javelin           |     2 |     6 ||     8
 Stab: Sleeping          |     5 |     2 ||     7
  Eat: Chunk             |     1 |     2 ||     3
       Meat ration       |       |     1 ||     1
Armor: Leather armour    |    27 |    17 ||    44
Dodge: Dodged            |    80 |    67 ||   147

Table legend:
 A = Spawn XP
 B = Non-spawn XP
 C = Spawn XP percentage of total XP
 D = Spawn monster count
 E = Non-spawn monster count
 F = Spawn count percentage of total count
 G = Total turns spent on level
                    A         B        C        D         E        F      G
               +---------+---------+-------+---------+---------+-------+---------
         Total |       0 |     226 |   0.0 |       0 |      62 |   0.0 |  2594
               +---------+---------+-------+---------+---------+-------+---------
           D:1 |       0 |      41 |   0.0 |       0 |      26 |   0.0 |   618
           D:2 |       0 |      43 |   0.0 |       0 |      12 |   0.0 |   667
           D:3 |       0 |      97 |   0.0 |       0 |      21 |   0.0 |   946
           D:4 |       0 |      45 |   0.0 |       0 |       3 |   0.0 |   363
               +---------+---------+-------+---------+---------+-------+---------
